 Dungeon Crawl Stone Soup version 0.31.0-32-g396128a36d (webtiles) character file.

Game seed: 9951445864927677038

108378 Drogue the Cloud Mage (level 16, -2/78 HPs)
             Began as a Tengu Air Elementalist on Feb 29, 2024.
             Was a High Priest of Hepliaklqana.
             Slain by a dire elephant (16 damage)
             ... on level 5 of the Lair of Beasts on Mar 26, 2024.
             The game lasted 01:56:36 (33610 turns).

Drogue the Cloud Mage (Tengu Air Elementalist)     Turns: 33610, Time: 01:56:36

Health: -2/78      AC: 24    Str:  9 (11) XL:     16   Next: 49%
Magic:  18/40      EV: 12    Int: 36 (38) God:    Hepliaklqana [*****.]
Gold:   1958       SH: 10    Dex: 12 (15) Spells: 29/36 levels left

rFire   . . .        R - +1 long sword "Melusu Banim" {heavy, ^Contam rPois rC++ Int+9}
rCold   + + .        u - +0 buckler
rNeg    . . .        x - +10 chain mail of Ru's Outrage {Int+3}
rPois   +            (helmet restricted)
rElec   .            q - +1 cloak
rCorr   +            w - +0 pair of gloves
SInv    +            (boots unavailable)
Will    +....        C - amulet "Erishruet" {Reflect Int+5 SH+5} Stlth
                     N - ring of the Sturgeon {rCorr MP+9}
HPRegen 0.33/turn    I - +5 ring of evasion
MPRegen 0.27/turn

%: reflection, acrobat
@: flying, constricted
A: reduced essence, beak, talons 3, evasive flight, acrobatic, see invisible
a: Renounce Religion, Recall Ancestor, Ancestor Identity, Transference, Idealise


You were on level 5 of the Lair of Beasts.
You worshipped Hepliaklqana.
Hepliaklqana was extremely pleased with you.
You visited 3 branches of the dungeon, and saw 19 of its levels.

You collected 1958 gold pieces.

Inventory:

Hand Weapons
 p - a +2 quarterstaff of chaos
 G - the +6 rapier "Eviscerator" {freeze, *Noise rC+ rN+}
   (You found it on level 9 of the Dungeon)

   rC+:       It protects you from cold.
   rN+:       It protects you from negative energy.
   *Noise:    It may make a loud noise when swung.
 R - the +1 long sword "Melusu Banim" (weapon) {heavy, ^Contam rPois rC++ Int+9}
   (You found it on level 3 of the Lair of Beasts)

   Int+9:     It affects your intelligence (+9).
   rC++:      It greatly protects you from cold.
   rPois:     It protects you from poison ^Contam: It causes magical
   contamination when unequipped.
Missiles
 D - a throwing net
Armour
 a - a +0 robe
 n - a +2 robe of willpower
 q - a +1 cloak (worn)
 u - a +0 buckler (worn)
 w - a +0 pair of gloves (worn)
 x - the +10 chain mail of Ru's Outrage (worn) {Int+3}
   (You found it on level 6 of the Dungeon)

   Int+3:     It affects your intelligence (+3).
 A - +0 steam dragon scales
Jewellery
 c - an amulet of reflection
 s - a ring of protection from fire
 C - the amulet "Erishruet" (around neck) {Reflect Int+5 SH+5}
   (You found it on level 8 of the Dungeon)

   [amulet of reflection]

   Reflect:   It reflects blocked missile attacks.
   Int+5:     It affects your intelligence (+5).
   SH+5:      It affects your SH (+5).
 I - a +5 ring of evasion (right hand)
 J - a ring of willpower
 K - a +4 ring of slaying
 N - the ring of the Sturgeon (left hand) {rCorr MP+9}
   (You found it on level 1 of the Lair of Beasts)

   [ring of resist corrosion]

   MP+9:      It affects your magic capacity (+9).
   rCorr:     It protects you from acid and corrosion.
 P - a ring of positive energy
 U - a ring of positive energy
 Y - an amulet of faith
Wands
 k - a wand of flame (20)
 r - a wand of iceblast (13)
 H - a wand of polymorph (4)
 L - a wand of charming (7)
Scrolls
 d - 2 scrolls of poison
 e - 2 scrolls of blinking
 f - 6 scrolls of enchant armour
 g - 2 scrolls of vulnerability
 h - a scroll of acquirement
 i - a scroll of fog {unknown}
 o - 4 scrolls of revelation
 v - 4 scrolls of teleportation
 y - a scroll of brand weapon
 z - 3 scrolls of enchant weapon
 B - 2 scrolls of summoning
 E - 3 scrolls of torment
 F - 3 scrolls of fear
 Q - 2 scrolls of noise
 V - 3 scrolls of immolation
Potions
 b - 2 potions of magic
 j - a potion of mutation
 l - 2 potions of curing
 m - 2 potions of invisibility {unknown}
 t - a potion of haste
 O - a potion of cancellation {unknown}
 S - a potion of enlightenment {unknown}
 T - a potion of might
 Z - a potion of heal wounds
Miscellaneous
 X - a lightning rod (4/4)


   Skills:
 + Level 5.2 Fighting
 + Level 4.1(6.0) Short Blades
 - Level 6.8(7.4) Long Blades
 - Level 1.1 Staves
 + Level 8.5 Armour
 + Level 6.1 Dodging
 - Level 2.0 Stealth
 + Level 5.0 Shields
 + Level 10.8 Spellcasting
 + Level 14.6 Conjurations
 + Level 22.8 Air Magic


You had 29 spell levels left.
You knew the following spells:

 Your Spells              Type           Power      Damage    Failure   Level
a - Shock                 Conj/Air       100%       1d9       1%          1
b - Static Discharge      Conj/Air       100%       3-8/arc   1%          2
c - Airstrike             Air            55%        2d(8-24)  1%          4

Your spell library contained the following spells:

 Spells                   Type           Power      Damage    Failure   Level
 Magic Dart               Conj           100%       1d8       1%          1
 Searing Ray              Conj           100%       2d8       1%          2
 Swiftness                Air            100%       N/A       1%          3
 Fulminant Prism          Conj/Alch      32%        3d15      43%         4
 Summon Small Mammal      Summ           76%        N/A       67%         1
 Blink                    Tloc           38%        N/A       82%         2
 Call Imp                 Summ           38%        N/A       82%         2
 Call Canine Familiar     Summ           19%        N/A       96%         3
 Sigil of Binding         Hex            19%        N/A       96%         3
 Dimensional Bullseye     Hex/Tloc       9%         N/A       100%        4
 Summon Blazeheart Golem  Fire/Summ      19%        N/A       100%        4


Dungeon Overview and Level Annotations

Branches:
Dungeon (12/15)            Temple (0/1) D:7            Lair (5/5) D:8
  Swamp (0/4) Lair:2        Snake (0/4) Lair:2        Slime (0/5) Lair:4
    Orc (2/2) D:11            Elf (0/3) Orc:2

Altars:
Cheibriados
Elyvilon
Gozag
Hepliaklqana
Kikubaaqudgha
Makhleb
Nemelex Xobeh
Qazlal
Ru
Uskayaw
Xom
Zin
Jiyva

Shops:
D:3 *   D:4 :   D:6 *?   D:11 *   Orc:1 (   Orc:2 =(!(**

Annotations:
Lair:2 2 transporters
Lair:5 exclusion: obsidian statue
Orc:2 3 runed translucent doors, lis82's ghost, journeyman DgIE


Innate Abilities, Weirdness & Mutations

Your life essence is reduced to manifest your ancestor. (-10% HP)
You have a beak for a mouth.
You have claws for feet.
Your magical flight helps you evade attacks. (EV +4)
You can magically evade attacks while moving or waiting.
You have supernaturally acute eyesight. (SInv)


Message History

The spectral anaconda constricts you.
The dire elephant closely misses you. x2
Casting: Static Discharge (safe; 1% risk of failure)
Confirm with . or Enter, or press ? or * to list all spells.
The spectral anaconda is struck by an arc of lightning.
The spectral anaconda is almost destroyed.
You are struck by an arc of lightning.
* * * LOW HITPOINT WARNING * * *
The dire elephant is struck by an arc of lightning.
The dire elephant is almost dead.
You are struck by an arc of lightning.
* * * LOW HITPOINT WARNING * * *
The lightning grounds out.
The spectral anaconda misses you. The spectral anaconda constricts you.
* * * LOW HITPOINT WARNING * * *
The dire elephant closely misses you. The dire elephant trunk-slaps you.
* * * LOW HITPOINT WARNING * * *
The spectral anaconda bites you.
* * * LOW HITPOINT WARNING * * *
The spectral anaconda constricts you.
You feel much better.
The spectral anaconda barely misses you.
The spectral anaconda constricts you. The dire elephant tramples you!
* * * LOW HITPOINT WARNING * * *
You are held in place!
The dire elephant trunk-slaps you but does no damage.
The spectral anaconda barely misses you.
The spectral anaconda constricts you.
Unknown command.
Casting: Static Discharge (safe; 1% risk of failure)
Confirm with . or Enter, or press ? or * to list all spells.
The spectral anaconda is struck by an arc of lightning.
The spectral anaconda is almost destroyed.
The dire elephant is struck by an arc of lightning!
The dire elephant is almost dead.
You are struck by an arc of lightning.
The dire elephant is struck by an arc of lightning.
You are struck by an arc of lightning.
The spectral anaconda bites you!
* * * LOW HITPOINT WARNING * * *
The spectral anaconda constricts you. The dire elephant tramples you!
You die...

...Z#### ≈≈≈≈#8...8# ###....#
~~.###### ####.### .###8.8## #
#♣♣♣##...#####8.⌠.8#####. ##♣♣♣#
♣....###......Y.......... ##...P♣
......♣########'''########♣.....P
...#R.................#.....#..#.
..###..........ZY.......[........
.##.............@................
.................................
..P............(.................
.#.P..................###........
###...#######..~~~~....####....##
##..## #...~≈≈≈≈~....# #P.....#
#...#####..≈≈≈≈≈≈~~..####....###
###..#..##...≈≈≈≈≈~...........##
.#..........≈≈≈≈≈~.............##


You could see 2 dire elephants and a spectral anaconda.

Vanquished Creatures
  An orc warlord (Orc:2)
  5 hydras
  4 boulder beetles
  5 two-headed ogres
  7 death yaks
  A tengu warrior (D:10)
  2 orc high priests
  Urug (Lair:4)
  Sonja (D:12)
  A skeletal warrior (D:10)
  2 skysharks (Lair:2)
  A bog body (Lair:2)
  2 necromancers (Lair:5)
  6 orc sorcerers
  Maurice (D:8)
  7 orc knights
  5 cyclopes
  9 elephants
  2 manticores (D:11)
  Joseph (D:10)
  2 black mambas (Lair:4)
  4 kobold blastminers (Orc:2)
  2 gargoyles (D:11)
  8 cane toads
  Maggie (D:7)
  2 unseen horrors
  13 komodo dragons
  2 rime drakes
  A kobold demonologist (D:10)
  Grinder (D:3)
  2 polar bears
  8 saltlings (Orc:2)
  10 trolls
  Prince Ribbit (D:7)
  3 dream sheep (Lair:3)
  12 blink frogs
  A hornet (D:10)
  A dire elephant simulacrum (Lair:5)
  Sigmund (D:3)
  A wyvern (Lair:5)
  A vampire (D:10)
  A wraith (D:11)
  45 yaks
  4 wargs (Orc:1)
  2 vampire mosquitoes (D:12)
  4 nagas (Lair:2)
  Menkaure (D:7)
  An acid dragon (D:11)
  17 water moccasins
  A hornet zombie (D:7)
  2 ice beasts (D:6)
  18 orc warriors
  2 black bears
  A boggart (D:11)
  7 ogres
  13 wolves
  5 centaurs
  10 bullfrogs
  2 cane toad simulacra (Lair:5)
  A wight (D:7)
  A water moccasin skeleton (D:7)
  9 killer bees
  An elephant simulacrum (Lair:5)
  3 howler monkeys
  6 electric eels
  3 bombardier beetles
  A hound (D:4)
  A human zombie (D:7)
  3 centaur zombies (D:7)
  2 centaur skeletons (D:7)
  2 gnoll boudas
  11 orc priests
  Crazy Yiuf (D:3)
  3 jellies (D:6)
  2 sleepcaps (D:6)
  Natasha (twice) (D:4)
  An iguana (D:6)
  14 orc wizards
  4 hell rats (Lair:1)
  2 killer bee zombies (D:7)
  A howler monkey zombie (D:7)
  6 adders
  16 gnolls
  2 shadow imps
  A dart slug (D:5)
  3 ribbon worms
  65 orcs
  7 ball pythons
  7 endoplasms
  5 giant cockroaches
  4 goblins
  5 hobgoblins
  3 quokkas
  7 bats
  7 frilled lizards
  7 kobolds
496 creatures vanquished.

Vanquished Creatures (collateral kills)
  A hydra (Lair:5)
  A two-headed ogre (D:11)
  A tengu warrior (D:9)
  A death yak (Lair:5)
  A spectral dire elephant (Lair:5)
  A skyshark (Lair:5)
  A spectral death yak (Lair:5)
  A bog body (Lair:2)
  4 elephants
  2 cane toads
  A gargoyle (D:11)
  A troll (Orc:1)
  A blink frog (Lair:2)
  3 dream sheep (Lair:3)
  A saltling (Orc:2)
  A shadow (D:11)
  A vampire (D:11)
  10 yaks
  A basilisk (Lair:2)
  A spectral cane toad (Lair:5)
  2 water moccasins (Lair:2)
  An elephant zombie (Lair:5)
  An elephant skeleton (Lair:5)
  3 bullfrogs
  A cane toad simulacrum (Lair:5)
  An elephant simulacrum (Lair:5)
  3 orc priests
  A gnoll bouda (D:10)
  3 orc wizards
  2 hell rats (Lair:1)
  3 gnolls (D:10)
  11 orcs
67 creatures vanquished.

Vanquished Creatures (others)
  A knight (Lair:5)
  32 ancestors
33 creatures vanquished.

Grand Total: 596 creatures vanquished

Notes
Turn   | Place    | Note
-------+----------+-------------------------------------------
     0 | D:1      | Drogue the Tengu Air Elementalist began the quest for the
                  | Orb.
     0 | D:1      | Reached XP level 1. HP: 10/10 MP: 4/4
   271 | D:1      | Reached XP level 2. HP: 15/15 MP: 3/6
   655 | D:1      | Reached skill level 5 in Air Magic
   962 | D:1      | Reached XP level 3. HP: 12/19 MP: 3/7
  1531 | D:2      | Found a faded altar of an unknown god.
  1808 | D:2      | Reached XP level 4. HP: 24/24 MP: 3/8
  2049 | D:2      | Learned a level 2 spell: Static Discharge
  2107 | D:3      | Found a sparkling altar of Nemelex Xobeh.
  2425 | D:3      | Noticed Sigmund
  2469 | D:3      | Killed Sigmund
  2470 | D:3      | Reached skill level 6 in Air Magic
  2470 | D:3      | Reached XP level 5. HP: 15/28 MP: 1/9
  2470 | D:3      | Reached XP level 6. HP: 18/33 MP: 1/10
  2739 | D:3      | Found a runed translucent door.
  2740 | D:3      | Noticed Crazy Yiuf
  2775 | D:3      | Reached skill level 5 in Conjurations
  3011 | D:3      | Found Jybivvech's General Store.
  3200 | D:3      | Reached skill level 7 in Air Magic
  3294 | D:3      | Noticed Grinder
  3319 | D:3      | Killed Grinder
  3320 | D:3      | Gained mutation: Your magical flight helps you evade
                  | attacks. (EV +4) [Tengu growth]
  3320 | D:3      | Reached XP level 7. HP: 29/37 MP: 0/11
  3846 | D:3      | Killed Crazy Yiuf
  4000 | D:4      | Found Eroyce's Book Shoppe.
  4386 | D:4      | Noticed Natasha
  4392 | D:4      | Killed Natasha
  4395 | D:4      | Reached skill level 8 in Air Magic
  4862 | D:4      | Noticed Natasha
  4869 | D:4      | Killed Natasha
  5079 | D:5      | Entered Level 5 of the Dungeon
  5169 | D:5      | Reached XP level 8. HP: 30/42 MP: 1/12
  5746 | D:5      | Reached skill level 9 in Air Magic
  5879 | D:5      | Found the +2 pair of slick slippers {slick, slippery, EV+4}
  5885 | D:5      | Learned a level 4 spell: Airstrike
  5905 | D:5      | Found a hide-covered altar of Uskayaw.
  6045 | D:6      | Reached skill level 1 in Staves
  6173 | D:6      | Found Luwemoll's General Store.
  6173 | D:6      | Found Jutoh's Magic Scroll Boutique.
  6515 | D:6      | Reached skill level 1 in Fighting
  6515 | D:6      | Reached skill level 10 in Air Magic
  6716 | D:6      | Reached XP level 9. HP: 47/47 MP: 3/13
  6944 | D:6      | Reached skill level 11 in Air Magic
  7072 | D:6      | Identified the +10 chain mail of Ru's Outrage {Int+3}
  7129 | D:6      | You are sucked into a shaft and drop 1 floor!
  7159 | D:7      | Noticed Menkaure
  7174 | D:7      | Killed Menkaure
  7596 | D:7      | Reached skill level 1 in Armour
  7602 | D:7      | Reached skill level 10 in Conjurations
  7605 | D:7      | Reached skill level 12 in Air Magic
  7788 | D:7      | Found a staircase to the Ecumenical Temple.
  7796 | D:7      | Found a hazy altar of Hepliaklqana.
  7943 | D:7      | Noticed Maggie
  7958 | D:7      | Killed Maggie
  8088 | D:7      | Noticed Prince Ribbit
  8116 | D:7      | Killed Prince Ribbit
  8602 | D:7      | Reached XP level 10. HP: 41/54 MP: 7/14
  8870 | D:7      | Found an ancient bone altar of Kikubaaqudgha.
  9032 | D:7      | Reached skill level 13 in Air Magic
  9385 | D:7      | Became a worshipper of Hepliaklqana the Forgotten
  9475 | D:8      | Identified the amulet "Erishruet" {Reflect Int+5 SH+5}
  9494 | D:8      | Found a staircase to the Lair.
 10870 | D:8      | Found a stormy altar of Qazlal.
 10990 | D:8      | Reached skill level 14 in Air Magic
 11163 | D:9      | Identified the +6 rapier "Eviscerator" {freeze, *Noise rC+
                  | rN+}
 11622 | D:9      | Reached * piety under Hepliaklqana
 12074 | D:9      | Reached skill level 5 in Dodging
 12243 | D:9      | Reached skill level 15 in Air Magic
 12243 | D:9      | Reached XP level 11. HP: 39/53 MP: 2/15
 12388 | D:9      | Noticed Maurice
 12443 | D:8      | Something stole a +2 quarterstaff of chaos
 12445 | D:8      | Something stole a ring of willpower
 12452 | D:8      | Killed Maurice
 12799 | D:10     | Entered Level 10 of the Dungeon
 13078 | Lair:1   | Entered Level 1 of the Lair of Beasts
 13253 | Lair:1   | Identified the ring of the Sturgeon {rCorr MP+9}
 13336 | Lair:1   | Reached ** piety under Hepliaklqana
 13367 | Lair:1   | Noticed a death yak
 13485 | Lair:1   | Killed a death yak
 13486 | Lair:1   | Reached skill level 1 in Short Blades
 13747 | Lair:1   | Reached skill level 1 in Shields
 14399 | Lair:1   | Noticed a death yak
 14464 | Lair:1   | Noticed a death yak
 14469 | Lair:1   | Killed a death yak
 14470 | Lair:1   | Reached skill level 16 in Air Magic
 14614 | Lair:1   | Killed a death yak
 15389 | Lair:2   | Found a transporter.
 15390 | Lair:2   | Found a transporter.
 15390 | Lair:2   | Noticed a boulder beetle
 15391 | Lair:2   | Noticed a boulder beetle
 15422 | Lair:2   | Noticed a skyshark
 15441 | Lair:2   | Killed a skyshark
 15442 | Lair:2   | Reached skill level 5 in Armour
 15442 | Lair:2   | Reached XP level 12. HP: 53/58 MP: 7/16
 15521 | Lair:2   | Reached skill level 17 in Air Magic
 15642 | Lair:2   | Found a staircase to the Snake Pit.
 15753 | Lair:2   | Reached *** piety under Hepliaklqana
 15974 | Lair:2   | Noticed a skyshark
 16003 | Lair:2   | Killed a skyshark
 16635 | Lair:2   | Found a staircase to the Swamp.
 17200 | Lair:3   | Reached skill level 18 in Air Magic
 17823 | Lair:3   | Identified the +1 long sword "Melusu Banim" {heavy, ^Contam
                  | rPois rC++ Int+9}
 17984 | Lair:3   | Reached skill level 19 in Air Magic
 18013 | Lair:3   | Noticed a seven-headed hydra
 18016 | Lair:3   | Killed a seven-headed hydra
 18366 | Lair:3   | Reached XP level 13. HP: 63/63 MP: 17/18
 19327 | Lair:4   | Reached **** piety under Hepliaklqana
 19674 | Lair:4   | Reached skill level 1 in Long Blades
 20491 | Lair:4   | Found a viscous altar of Jiyva.
 20491 | Lair:4   | Found a staircase to the Slime Pits.
 21049 | D:10     | Noticed Joseph
 21060 | D:10     | Killed Joseph
 21555 | D:9      | Reached skill level 20 in Air Magic
 21775 | D:10     | Reached skill level 5 in Spellcasting
 21967 | D:10     | Found a glowing silver altar of Zin.
 21967 | D:10     | Found a sacrificial altar of Ru.
 21975 | D:10     | Found a burning altar of Makhleb.
 21977 | D:10     | Found a snail-covered altar of Cheibriados.
 21979 | D:10     | Found a white marble altar of Elyvilon.
 22006 | D:10     | Found a shimmering altar of Xom.
 22547 | D:11     | Found a gate leading to a gauntlet.
 22568 | D:11     | Found Gatsuut's Goods Gallery.
 22764 | D:11     | Reached ***** piety under Hepliaklqana
 22989 | D:11     | Found a staircase to the Orcish Mines.
 23378 | D:10     | HP: 3/63 [seven-headed hydra (3)]
 23883 | D:11     | Reached skill level 5 in Long Blades
 24022 | D:11     | Reached XP level 14. HP: 59/68 MP: 20/24
 25436 | D:12     | Identified a scroll of acquirement
 25459 | D:12     | Found the +8 trident of the Octopus King {venom, rElec
                  | rPois}
 25609 | D:12     | Noticed Sonja
 25610 | D:12     | Killed Sonja
 26355 | Orc:1    | Entered Level 1 of the Orcish Mines
 26728 | Orc:1    | Found Maeso's Weapon Emporium.
 27000 | Orc:1    | Reached skill level 21 in Air Magic
 27263 | Orc:2    | Entered Level 2 of the Orcish Mines
 27629 | Orc:2    | Found a runed translucent gate.
 27633 | Orc:2    | Found a runed translucent gate.
 27633 | Orc:2    | Found an opulent altar of Gozag.
 27634 | Orc:2    | Found a runed translucent gate.
 27638 | Orc:2    | Found Apaemeuth's Assorted Antiques.
 27640 | Orc:2    | Noticed lis82's ghost (journeyman DgIE)
 27858 | Orc:2    | Found a staircase to the Elven Halls.
 27860 | Orc:2    | Noticed an orc warlord
 28057 | Orc:1    | Upgraded the game from 0.31.0-12-g77e489cdc1 to
                  | 0.31.0-32-g396128a36d
 28150 | Orc:2    | Gained mutation: You have supernaturally acute eyesight.
                  | (SInv) [potion of mutation]
 28335 | Orc:2    | Killed an orc warlord
 28886 | Orc:2    | Found Fyleol's Mayhem Merchandise.
 29793 | Orc:2    | Found Toarcheku's Antique Weapon Boutique.
 29811 | Orc:2    | Found Ittabye's Jewellery Shoppe.
 29813 | Orc:2    | Found Macabbe's Antique Weapon Shoppe.
 29838 | Orc:2    | Found Rouploz's Distillery.
 30344 | Lair:5   | Entered Level 5 of the Lair of Beasts
 30554 | Lair:4   | Reached XP level 15. HP: 46/72 MP: 1/29
 30722 | Lair:5   | Reached skill level 22 in Air Magic
 31728 | Lair:5   | Noticed Urug
 31739 | Lair:4   | Killed Urug
 31950 | Lair:5   | Remembered your ancestor Æthelred as a knight
 32150 | Lair:5   | Reached skill level 10 in Spellcasting
 32525 | Lair:5   | Reached skill level 5 in Fighting
 32525 | Lair:5   | Reached skill level 5 in Shields
 32525 | Lair:5   | Reached XP level 16. HP: 78/78 MP: 31/31
 33610 | Lair:5   | Slain by a dire elephant

Illustrated notes

Levels and vault maps discovered:
D:1:      dpeg_arrival_connections, layout_loops_ring, st_stairs_1
D:2:      layout_rooms, dreamdust_ecumenical_altar_statues
D:3:      layout_basic, nemelex_xobeh_ov_fountains_minmay, serial_shops, shop,
          kennysheep_cross_bottleneck, uniq_sigmund, uniq_crazy_yiuf_cottage,
          uniq_grinder
D:4:      layout_basic, serial_shops, nicolae_shop_trees, hex_tiny, uniq_natasha
D:5:      layout_cave_pods, mainiacjoe_overflow_chevrons
D:6:      layout_cave_pools, lemuel_blue_sif_altar, grunt_decor_junction,
          nicolae_wooded_promenade, minmay_increasing_density
D:7:      layout_loops_ring, lemuel_mausoleum_altar_kikubaaqudgha,
          mainiacjoe_overflow_concentric_impassable,
          minmay_temple_entry_overgrown, uniq_prince_ribbit1, uniq_menkaure,
          uniq_maggie
D:8:      layout_loops_ring, nicolae_qazlal_style_of_elements, lair_entry_dummy,
          special_room [special_room_orc]
D:9:      layout_stronghold, uniq_maurice
D:10:     minmay_blocky_corners, layout_basic, kennysheep_mini_moat,
          chequers_temple_overflow_minitemple, kennysheep_donut,
          nicolae_concentric_dashed_squares_mild, uniq_joseph
D:11:     minmay_ornate_pinched, layout_irregular_city, david_orc_3,
          gauntlet_entry_generic, nicolae_alphabet_shops, minmay_starry_boxes
D:12:     layout_big_octagon, kennysheep_crisscross, fungi_pond_lemuel,
          kennysheep_generic_room_4, uniq_sonja
Lair:1:   layout_hall_layers, minivault_25, serial_bayou_lagoon_a
Lair:2:   gammafunk_boulding_lane, layout_small_grid,
          nicolae_swamp_entry_splash_gauntlet,
          minmay_snake_entry_guardpost_small, beast_lair_carwin_11,
          serial_bayou_shore_b, lemuel_fruit_fields
Lair:3:   layout_chaotic_city, chequers_serial_rivers_small_b,
          infiniplex_staircase_pool_2, grunt_megastairs_1
Lair:4:   layout_cave_pods, dpeg_slime_entry_enclosed
Lair:5:   due_jungle_book, layout_small_grid, chequers_serial_rivers_micro_b,
          serial_bayou_shore_b, grunt_megastairs_4, infiniplex_staircase_pool,
          lemuel_fruit_tree, uniq_urug
Orc:1:    layout_diamond_mine, serial_shops, shop, bh_open_orc_temple
Orc:2:    hellmonk_orc_salted, layout_caves, ebering_ghost_gozag,
          minmay_shop_mayhem, library_closet, nicolae_orc_hostile_takeover

Skill      XL: |  1  2  3  4  5  6  7  8  9 10 11 12 13 14 15 |
---------------+----------------------------------------------+-----
Air Magic      | 5 6 7 8 10 12 15 16 19 20 21 22 | 22.8
Conjurations   | 2 4 5 7 9 10 12 13 14 | 14.6
Dodging        | 3 4 5 6 |  6.1
Staves         | 1 |  1.1
Fighting       | 1 2 3 4 5 |  5.2
Armour         | 3 5 6 7 8 |  8.5
Short Blades   | 2 3 4 |  4.1
Shields        | 2 3 4 5 |  5.0
Spellcasting   | 6 9 10 | 10.8
Long Blades    | 5 6 |  6.8
Stealth        | |  2.0

Action                     |  1- 3 |  4- 6 |  7- 9 | 10-12 | 13-15 | 16-18 || total
---------------------------+-------+-------+-------+-------+-------+-------++-------
  Melee: Quarterstaff      |       |       |    42 |    15 |       |       ||    57
         Kick              |       |       |     9 |    56 |    49 |    11 ||   125
         Peck              |       |       |     5 |    34 |    34 |     4 ||    77
         Rapier            |       |       |       |   155 |    19 |       ||   174
         Long sword        |       |       |       |       |   110 |    16 ||   126
   Cast: Shock             |    85 |    56 |   209 |   261 |   133 |       ||   744
         Static Discharge  |       |     1 |    12 |    72 |    29 |     6 ||   120
         Airstrike         |       |       |    10 |   105 |   410 |    34 ||   559
 Invoke: Ancestor Life: Kn |       |       |       |       |     1 |       ||     1
  Evoke: Wand              |       |       |       |     1 |     1 |       ||     2
    Use: Potion            |       |     1 |     3 |     5 |     7 |     4 ||    20
         Scroll            |       |       |       |       |    14 |       ||    14
   Stab: Distracted        |       |       |       |     1 |     3 |       ||     4
 Armour: Robe              |     9 |     9 |    22 |       |       |       ||    40
         Chain mail        |       |       |    48 |   122 |   270 |    35 ||   475
         Steam dragon scal |       |       |    10 |   110 |       |       ||   120
  Dodge: Dodged            |    33 |     6 |    94 |   193 |   280 |    32 ||   638
  Block: Buckler           |       |       |       |    66 |   224 |    19 ||   309
         Other             |       |       |       |     4 |       |       ||     4
         Reflection        |       |       |       |     2 |    23 |       ||    25
